 Dungeon Crawl Stone Soup version 0.21.1-1-g345015f (webtiles) character file.

38 inc the Vexing (level 3, -3/14 HPs)
             Began as a Felid Enchanter on Feb 25, 2018.
             Slain by a water moccasin (9 damage)
             ... on level 3 of the Dungeon.
             The game lasted 00:02:40 (1809 turns).

inc the Vexing (Felid Enchanter)                    Turns: 1809, Time: 00:02:41

Health: -3/14      AC:  1    Str:  4    XL:     3   Next: 25%
Magic:  1/7        EV: 18    Int: 17    God:
Gold:   116        SH:  0    Dex: 16    Spells: 0/6 levels left
                                        Lives:  0   Deaths: 0

rFire    . . .     SeeInvis +     - Unarmed
rCold    . . .     Gourm    .   (shield unavailable)
rNeg     . . .     Faith    .   (armour unavailable)
rPois    .         Spirit   .   (helmet unavailable)
rElec    .         Reflect  .   (cloak unavailable)
rCorr    .         Harm     .   (gloves unavailable)
MR       .....                  (boots unavailable)
Stlth    +++.......             (no amulet)
HPRegen  0.04/turn              (no ring)
MPRegen  0.10/turn              (no ring)

@: quick
A: very small, no armour, no weapons or thrown items, stealth, claws 1, fangs 3,
see invisible, carnivore, speed 1, shaggy fur 1, slow metabolism 1, sharp paws
a: no special abilities


You were on level 3 of the Dungeon.
You were not hungry.

You visited 1 branch of the dungeon, and saw 3 of its levels.

You collected 116 gold pieces.

Inventory:

Potions
 c - a potion of resistance {unknown}
 d - a potion of might {unknown}
 e - a potion of mutation {unknown}
Books
 a - a book of Maledictions

   Spells                             Type                      Level
   a - Corona                         Hexes                        1
   b - Ensorcelled Hibernation        Hexes/Ice                    2
   c - Confuse                        Hexes                        3
   d - Tukima's Dance                 Hexes                        3
   e - Dazzling Spray                 Conjuration/Hexes            3
Comestibles
 b - 5 rations


   Skills:
 - Level 2.6 Dodging
 - Level 4.0 Stealth
 + Level 3.2 Unarmed Combat
 - Level 2.0 Spellcasting
 - Level 4.4 Hexes


You couldn't memorise any spells.
You knew the following spells:

 Your Spells              Type           Power        Failure   Level  Hunger
a - Corona                Hex            ###....      3%          1    #......
b - Ensorcelled Hibernat  Hex/Ice        #.....       12%         2    ###....
c - Confuse               Hex            ###.....     10%         3    ###....


Dungeon Overview and Level Annotations

Branches:
Dungeon (3/15)

Altars:


Innate Abilities, Weirdness & Mutations

You cannot wear armour.
You are incapable of wielding weapons or throwing items.
Your paws allow you to move quietly. (Stealth)
You have sharp claws.
You have razor-sharp teeth.
You have supernaturally acute eyesight. (SInv)
You are carnivorous and can eat meat at any time.
You cover ground quickly.
You are covered in fur. (AC +1)
You have a slow metabolism.
Your sharp claws are effective at attacking unaware monsters.


Message History

Confirm with . or Enter, or press ? or * to list all spells.
Aiming: Ensorcelled Hibernation
Press: ? - help, Shift-Dir - straight line, f/p - water moccasin
Aim: a water moccasin (chance to defeat MR: 40%)
The water moccasin resists with some effort.
The water moccasin bites you.
Casting: Ensorcelled Hibernation
Confirm with . or Enter, or press ? or * to list all spells.
Aiming: Ensorcelled Hibernation
Press: ? - help, Shift-Dir - straight line, f/p - water moccasin
Aim: a water moccasin (chance to defeat MR: 40%)
The water moccasin resists with some effort.
The water moccasin bites you.
Casting: Ensorcelled Hibernation
Confirm with . or Enter, or press ? or * to list all spells.
You don't have enough magic to cast that spell.
Unknown command.
The water moccasin bites you!
Ouch! That really hurt!
You die...

#....#####...
#.##....#......###
.......<#.###....#
............#....#####.
............#..$.......
.....###....#..........
..##........#....# .
#........#....#
#........@S...#
#.................
#............#####
#........#.....#
#.#......#.....#
...#......#.....# ..
#......###...# ###.....
....


You could see a water moccasin.

Vanquished Creatures
  A leopard gecko (D:2)
  7 bats
  6 giant cockroaches
  5 goblins
  3 hobgoblins
  A quokka (D:2)
  3 frilled lizards
  3 kobolds (D:2)
  5 rats
34 creatures vanquished.

Notes
Turn   | Place    | Note
-------+----------+-------------------------------------------
     0 | D:1      | inc the Felid Enchanter began the quest for the Orb.
     0 | D:1      | Reached XP level 1. HP: 7/7 MP: 4/4
   522 | D:1      | Reached XP level 2. HP: 11/11 MP: 6/6
   539 | D:1      | Learned a level 2 spell: Ensorcelled Hibernation
  1390 | D:2      | Reached XP level 3. HP: 14/14 MP: 7/7
  1405 | D:2      | Learned a level 3 spell: Confuse
  1801 | D:3      | Noticed a water moccasin
  1809 | D:3      | Slain by a water moccasin

Skill      XL: |  1  2 |
---------------+-------+-----
Unarmed Combat | 2 3 |  3.2
Dodging        | |  2.6
Stealth        | |  4.0
Spellcasting   | |  2.0
Hexes          | |  4.4

Action                   || total
-------------------------++-------
Melee: Unarmed           ||    94
       Bite              ||     6
 Cast: Ensorcelled Hiber ||     6
 Stab: Sleeping          ||    15
  Eat: Chunk             ||     1
Armor: Skin              ||     6
Dodge: Dodged            ||    72
